BSA
IRVINE GANG GREEN @ NEW ORLEANS LOOTERS
07/02/2030
 
TOP OF THE 1ST
Irvine Gang Green batting - Pitching for New Orleans Looters : RHP Brad Rowland
Pitching: RHP Brad Rowland
Batting: RHB Tomás Carranza 0-0: Ball
1-0: Foul Ball, location: 2F
1-1: Ball
2-1: Ball
3-1: Ground out 4-3 (Groundball, 4)
Batting: LHB Jorge Martínez 0-0: Called Strike
0-1: Foul Ball, location: 2F
0-2: Ball
1-2: Ball
2-2: Ball
3-2: Ground out 4-3 (Groundball, 4)
Batting: LHB Jeff Daniels 0-0: Fly out, F8 (Flyball, 8LXD)
Top of the 1st over - 0 runs, 0 hits, 0 errors, 0 left on base; Irvine 0 - New Orleans 0
BOTTOM OF THE 1ST
New Orleans Looters batting - Pitching for Irvine Gang Green : RHP Jesús De Los Santos
Pitching: RHP Jesús De Los Santos
Batting: LHB Miguel Colón 0-0: Called Strike
0-1: Called Strike
0-2: Ball
1-2: Ball
2-2: Foul Ball, location: 2F
2-2: Ball
3-2: Strikes out swinging
Batting: RHB Dan Banks 0-0: Called Strike
0-1: Ball
1-1: Ball
2-1: Foul Ball, location: 2F
2-2: Ball
3-2: SINGLE (Groundball, 34D)
Batting: SHB Arturo Sánchez 0-0: Called Strike
0-1: Ball
1-1: Ball
2-1: Ball
3-1: DOUBLE (Flyball, 8LXD)
Dan Banks to third
Batting: RHB Ramón Hernández 0-0: Ball
1-0: Ground out 6-3 (Groundball, 6)
Dan Banks scores
Batting: SHB Oliver Deleón 0-0: Foul Ball, location: 2F
0-1: Foul Ball, location: 2F
0-2: Ground out U3 (Groundball, 3)
Bottom of the 1st over - 1 run, 2 hits, 0 errors, 1 left on base; Irvine 0 - New Orleans 1
TOP OF THE 2ND
Irvine Gang Green batting - Pitching for New Orleans Looters : RHP Brad Rowland
Batting: LHB Víctor Quiñones 0-0: Foul Ball, location: 2F
0-1: Ball
1-1: Swinging Strike
1-2: Ball
2-2: Foul Ball, location: 2F
2-2: Foul Ball, location: 2F
2-2: Foul Ball, location: 2F
2-2: Ball
3-2: SINGLE (Line Drive, 89S)
Batting: RHB Ronnie Brown 0-0: Ball
1-0: Called Strike
1-1: Ball
2-1: Ball
3-1: Swinging Strike
3-2: Fly out, F7 (Flyball, 7)
Batting: SHB Nick Cox 0-0: Ball
1-0: Called Strike
1-1: Ball
2-1: Ball
3-1: Foul Ball, location: 2F
3-2: Fielders Choice at 2nd, 6-4 (Groundball, 6)
Batting: RHB Carlos García 0-0: Foul Ball, location: 2F
0-1: Fly out, F8 (Flyball, 8RS)
Top of the 2nd over - 0 runs, 1 hit, 0 errors, 1 left on base; Irvine 0 - New Orleans 1
BOTTOM OF THE 2ND
New Orleans Looters batting - Pitching for Irvine Gang Green : RHP Jesús De Los Santos
Batting: LHB Eduardo Rodríguez 0-0: Ball
1-0: SINGLE (Line Drive, 78S)
Batting: RHB Greg Handrahan 0-0: Called Strike
0-1: Ball
1-1: Swinging Strike
1-2: 2-RUN HOME RUN (Flyball, 89XD), Distance : 402 ft
Batting: RHB Dave O'Loan 0-0: Ground out U3 (Groundball, 2R)
Batting: RHB Run-ming Zhu 0-0: Ball
1-0: Fly out, F6 (Line Drive, 6MD)
Batting: LHB Miguel Colón 0-0: Ball
1-0: Fly out, F8 (Flyball, 8RM)
Bottom of the 2nd over - 2 runs, 2 hits, 0 errors, 0 left on base; Irvine 0 - New Orleans 3
TOP OF THE 3RD
Irvine Gang Green batting - Pitching for New Orleans Looters : RHP Brad Rowland
Batting: RHB José Salazar 0-0: Ball
1-0: Swinging Strike
1-1: Ball
2-1: Ball
3-1: Base on Balls
Batting: LHB Tony Tavárez 0-0: Fielders Choice at 2nd, 5-4 (Groundball, 56)
Batting: RHB Tomás Carranza 0-0: SINGLE (Groundball, 4MD)
Tony Tavárez to second
Batting: LHB Jorge Martínez 0-0: Foul Ball, location: 2F
0-1: Ball
1-1: Called Strike
1-2: Ball
2-2: Ball
3-2: SINGLE (Groundball, 4MD)
Tony Tavárez to third
Tomás Carranza to second
Runner from 3rd tries for Home, SAFE, throw made home
Batting: LHB Jeff Daniels 0-0: Ball
1-0: Grounds into double play, 4-6-3 (Groundball, 4)
Top of the 3rd over - 1 run, 2 hits, 0 errors, 1 left on base; Irvine 1 - New Orleans 3
BOTTOM OF THE 3RD
New Orleans Looters batting - Pitching for Irvine Gang Green : RHP Jesús De Los Santos
Batting: RHB Dan Banks 0-0: Ground out 6-3 (Groundball, 6)
Batting: SHB Arturo Sánchez 0-0: Called Strike
0-1: Foul Ball, location: 2F
0-2: Ball
1-2: Fly out, F8 (Flyball, 8LM)
Batting: RHB Ramón Hernández 0-0: Ball
1-0: Ball
2-0: Ball
3-0: Called Strike
3-1: Foul Ball, location: 2F
3-2: Fly out, F6 (Popup, 6MD)
Bottom of the 3rd over - 0 runs, 0 hits, 0 errors, 0 left on base; Irvine 1 - New Orleans 3
TOP OF THE 4TH
Irvine Gang Green batting - Pitching for New Orleans Looters : RHP Brad Rowland
Batting: LHB Víctor Quiñones 0-0: Foul Ball, location: 2F
0-1: Ball
1-1: Called Strike
1-2: Foul Ball, location: 2F
1-2: Foul Ball, location: 2F
1-2: Strikes out swinging
Batting: RHB Ronnie Brown 0-0: Ball
1-0: Ball
2-0: Foul Ball, location: 2F
2-1: Foul Ball, location: 2F
2-2: Foul Ball, location: 2F
2-2: Foul Ball, location: 2F
2-2: Foul Ball, location: 2F
2-2: Fly out, F7 (Flyball, 7D)
Pitching: RHP Ienobu Sato
Batting: SHB Nick Cox 0-0: Swinging Strike
0-1: Swinging Strike
0-2: Ball
1-2: Foul Ball, location: 2F
1-2: Ground out 5-3 (Groundball, 56)
Top of the 4th over - 0 runs, 0 hits, 0 errors, 0 left on base; Irvine 1 - New Orleans 3
BOTTOM OF THE 4TH
New Orleans Looters batting - Pitching for Irvine Gang Green : RHP Jesús De Los Santos
Batting: SHB Oliver Deleón 0-0: Called Strike
0-1: Foul Ball, location: 2F
0-2: Ground out 4-3 (Groundball, 4)
Batting: LHB Eduardo Rodríguez 0-0: Ball
1-0: SINGLE (Groundball, 4MD)
Batting: RHB Greg Handrahan 0-0: Fielders Choice at 2nd, 6-4 (Groundball, 6)
Batting: RHB Dave O'Loan 0-0: Fielders Choice at 2nd, U6 (Groundball, 6M)
Bottom of the 4th over - 0 runs, 1 hit, 0 errors, 1 left on base; Irvine 1 - New Orleans 3
TOP OF THE 5TH
Irvine Gang Green batting - Pitching for New Orleans Looters : RHP Ienobu Sato
Batting: RHB Carlos García 0-0: Swinging Strike
0-1: Ball
1-1: Foul Ball, location: 2F
1-2: Foul Ball, location: 2F
1-2: Ball
2-2: Foul Ball, location: 2F
2-2: Ball
3-2: SINGLE (Groundball, 56D)
Batting: RHB José Salazar 0-0: Called Strike
0-1: Ball
1-1: Grounds into double play, 6-4-3 (Groundball, 56)
Batting: LHB Tony Tavárez 0-0: Ball
1-0: SINGLE (Line Drive, 4MD)
Batting: RHB Tomás Carranza 0-0: Ball
1-0: Swinging Strike
1-1: Foul Ball, location: 2F
1-2: Ball
2-2: Foul Ball, location: 2F
2-2: Ball
3-2: SINGLE (Groundball, 56D)
Tony Tavárez to second
Tony Tavárez to third
Batting: LHB Jorge Martínez 0-0: Ball
Tomás Carranza steals 2nd base
1-0: Called Strike
1-1: Foul Ball, location: 2F
1-2: Ground out 4-3 (Groundball, 4D)
Top of the 5th over - 0 runs, 3 hits, 0 errors, 2 left on base; Irvine 1 - New Orleans 3
BOTTOM OF THE 5TH
New Orleans Looters batting - Pitching for Irvine Gang Green : RHP Jesús De Los Santos
Batting: RHB Run-ming Zhu 0-0: Foul Ball, location: 2F
0-1: Ball
1-1: Foul Ball, location: 2F
1-2: Ball
2-2: Strikes out swinging
Batting: LHB Miguel Colón 0-0: Called Strike
0-1: Ground out 6-3 (Groundball, 6)
Batting: RHB Dan Banks 0-0: Foul Ball, location: 2F
0-1: Swinging Strike
0-2: Ball
1-2: Ball
2-2: SOLO HOME RUN (Flyball, 7LD), Distance : 355 ft
Batting: SHB Arturo Sánchez 0-0: DOUBLE (Line Drive, 9LD)
Batting: RHB Ramón Hernández 0-0: Ball
1-0: Called Strike
1-1: Foul Ball, location: 2F
1-2: Ball
2-2: Strikes out swinging
Bottom of the 5th over - 1 run, 2 hits, 0 errors, 1 left on base; Irvine 1 - New Orleans 4
TOP OF THE 6TH
Irvine Gang Green batting - Pitching for New Orleans Looters : RHP Ienobu Sato
Pitching: RHP Fergus Wakeford
Batting: LHB Jeff Daniels 0-0: Fly out, F3 (Line Drive, 3L)
Batting: LHB Víctor Quiñones 0-0: Foul Ball, location: 2F
0-1: Fly out, F7 (Flyball, 7D)
Batting: RHB Ronnie Brown 0-0: Called Strike
0-1: Ball
1-1: Ball
2-1: Ball
3-1: Foul Ball, location: 2F
3-2: Base on Balls
Batting: SHB Nick Cox 0-0: Foul Ball, location: 2F
0-1: Ball
1-1: Ball
Ronnie Brown steals 2nd base
2-1: Ball
3-1: Base on Balls
Batting: RHB Carlos García 0-0: Called Strike
0-1: Ball
1-1: SINGLE (Groundball, 56D)
Ronnie Brown to third
Nick Cox to second
Runner from 3rd tries for Home, SAFE, no throw
Batting: RHB José Salazar 0-0: Ball
1-0: Ball
2-0: Called Strike
2-1: Called Strike
2-2: Strikes out swinging
Top of the 6th over - 1 run, 1 hit, 0 errors, 2 left on base; Irvine 2 - New Orleans 4
BOTTOM OF THE 6TH
New Orleans Looters batting - Pitching for Irvine Gang Green : RHP Jesús De Los Santos
Batting: SHB Oliver Deleón 0-0: SINGLE (Groundball, 3D)
Batting: LHB Eduardo Rodríguez 0-0: Ball
1-0: Foul Ball, location: 2F
1-1: Ball
2-1: Foul Ball, location: 2F
2-2: Fly out, F9 (Flyball, 9S)
Batting: RHB Greg Handrahan 0-0: Ball
1-0: 2-RUN HOME RUN (Line Drive, 7D), Distance : 381 ft
Pitching: RHP Brandon Williams
Batting: RHB Dave O'Loan 0-0: Called Strike
0-1: Foul Ball, location: 2F
0-2: Ground out 6-3 (Groundball, 6)
Batting: RHB Run-ming Zhu 0-0: Called Strike
0-1: Ground out 6-3 (Groundball, 6)
Bottom of the 6th over - 2 runs, 2 hits, 0 errors, 0 left on base; Irvine 2 - New Orleans 6
TOP OF THE 7TH
Irvine Gang Green batting - Pitching for New Orleans Looters : RHP Fergus Wakeford
Batting: LHB Tony Tavárez 0-0: Ball
1-0: DOUBLE (Line Drive, 9LM)
Batting: RHB Tomás Carranza 0-0: Called Strike
0-1: Foul Ball, location: 2F
0-2: Ball
1-2: Ball
2-2: Foul Ball, location: 2F
2-2: Ball
3-2: Base on Balls
Batting: LHB Jorge Martínez 0-0: Foul Ball, location: 2F
0-1: Ball
1-1: Ball
2-1: Swinging Strike
2-2: Ball
3-2: Strikes out looking
Batting: LHB Jeff Daniels 0-0: Ball
1-0: Foul Ball, location: 2F
1-1: Ball
2-1: Called Strike
2-2: Fly out, F8 (Flyball, 8LM)
Batting: LHB Víctor Quiñones 0-0: Foul Ball, location: 2F
0-1: Foul Ball, location: 2F
0-2: Ground out 3-1 (Groundball, 34S)
Top of the 7th over - 0 runs, 1 hit, 0 errors, 2 left on base; Irvine 2 - New Orleans 6
BOTTOM OF THE 7TH
New Orleans Looters batting - Pitching for Irvine Gang Green : RHP Brandon Williams
Batting: LHB Miguel Colón 0-0: Ground out U3 (Groundball, 34S)
Batting: RHB Dan Banks 0-0: Ball
1-0: SINGLE (Line Drive, 6MD)
Batting: SHB Arturo Sánchez 0-0: Ball
1-0: Called Strike
1-1: TRIPLE (Line Drive, 7D)
Dan Banks scores
Batting: RHB Ramón Hernández 0-0: Ball
1-0: Called Strike
1-1: Called Strike
1-2: Strikes out swinging
Batting: SHB Oliver Deleón 0-0: Foul Ball, location: 2F
0-1: Called Strike
0-2: Foul Ball, location: 2F
0-2: Fly out, F8 (Flyball, 8LS)
Bottom of the 7th over - 1 run, 2 hits, 0 errors, 1 left on base; Irvine 2 - New Orleans 7
TOP OF THE 8TH
Irvine Gang Green batting - Pitching for New Orleans Looters : RHP Fergus Wakeford
Batting: RHB Ronnie Brown 0-0: Ball
1-0: DOUBLE (Line Drive, 7)
Batting: SHB Nick Cox 0-0: Ball
1-0: 2-RUN HOME RUN (Flyball, 7LD), Distance : 369 ft
Pitching: RHP Jason MacKnight
Batting: RHB Carlos García 0-0: Ball
1-0: Called Strike
1-1: Ground out 4-3 (Groundball, 4)
Batting: RHB José Salazar 0-0: SINGLE (Groundball, 56D)
Batting: LHB Tony Tavárez 0-0: Called Strike
0-1: Ball
1-1: Called Strike
1-2: Ball
2-2: Strikes out swinging
Batting: RHB Tomás Carranza 0-0: Swinging Strike
0-1: Ball
1-1: Ball
2-1: Ball
3-1: Base on Balls
José Salazar to second
Batting: LHB Jorge Martínez 0-0: Foul Ball, location: 2F
0-1: Foul Ball, location: 2F
0-2: Ball
1-2: Ball
2-2: Fly out, F8 (Flyball, 8LD)
Top of the 8th over - 2 runs, 3 hits, 0 errors, 2 left on base; Irvine 4 - New Orleans 7
BOTTOM OF THE 8TH
New Orleans Looters batting - Pitching for Irvine Gang Green : RHP Brandon Williams
Pitching: RHP Raúl Saltines
Batting: LHB Eduardo Rodríguez 0-0: Foul Ball, location: 2F
0-1: Called Strike
0-2: Ball
1-2: Strikes out swinging
Batting: RHB Greg Handrahan 0-0: Ball
1-0: Ball
2-0: Ball
3-0: Base on Balls
Batting: RHB Dave O'Loan 0-0: Ball
1-0: Swinging Strike
1-1: Ball
2-1: Swinging Strike
2-2: Foul Ball, location: 2F
2-2: Strikes out swinging
Batting: RHB Run-ming Zhu 0-0: Called Strike
0-1: Ball
1-1: Ball
2-1: Called Strike
Greg Handrahan steals 2nd base
2-2: SINGLE (Groundball, 56D)
Greg Handrahan to third
Runner from 3rd tries for Home, SAFE, throw made home
Batting: LHB Miguel Colón 0-0: Foul Ball, location: 2F
0-1: Swinging Strike
0-2: Ball
1-2: Fielders Choice at 2nd, 6-4 (Groundball, 6)
Bottom of the 8th over - 1 run, 1 hit, 0 errors, 1 left on base; Irvine 4 - New Orleans 8
TOP OF THE 9TH
Irvine Gang Green batting - Pitching for New Orleans Looters : RHP Jason MacKnight
Pitching: LHP Juan Méndez
Batting: LHB Jeff Daniels 0-0: SINGLE (Flyball, 78S)
Batting: LHB Víctor Quiñones 0-0: Called Strike
0-1: Fly out, F3 (Line Drive, 3L)
Batting: RHB Ronnie Brown 0-0: Ball
1-0: Ball
2-0: Grounds into double play, 6-4-3 (Groundball, 6)
Top of the 9th over - 0 runs, 1 hit, 0 errors, 0 left on base; Irvine 4 - New Orleans 8
Saturday, April 7th, 2018 - OOTP Baseball 18.8 Build 76